 Dungeon Crawl Stone Soup version 0.30-a0-1035-g38d5fb2972 (webtiles) character file.

Game seed: 9529228874749762515

107 cdice the Conjurer (level 4, -3/26 HPs)
             Began as a Deep Elf Reaver on Apr 8, 2023.
             Was an Initiate of Qazlal.
             Slain by Grinder (7 damage)
             ... on level 3 of the Dungeon.
             The game lasted 00:07:24 (1737 turns).

cdice the Conjurer (Deep Elf Reaver)                Turns: 1737, Time: 00:07:25

Health: -3/26      AC:  3    Str:  6 (9)  XL:     4   Next: 56%
Magic:  10/10      EV: 11    Int: 16 (18) God:    Qazlal [......]
Gold:   69         SH:  0    Dex: 12 (15) Spells: 6/9 levels left

rFire   . . .      SeeInvis .    g - +0 scimitar
rCold   . . .      Faith    .    (no shield)
rNeg    . . .      Spirit   .    b - +0 leather armour
rPois   .          Reflect  .    (no helmet)
rElec   .          Rampage  .    (no cloak)
rCorr   .                        (no gloves)
Will    .....                    (no boots)
Stlth   +                        (no amulet)
HPRegen 0.24/turn                i - ring of wizardry
MPRegen 0.12/turn                (no ring)

@: mighty, brilliant
A: no striking features
a: Renounce Religion


You were on level 3 of the Dungeon.
You worshipped Qazlal.
Qazlal was noncommittal.
You visited 1 branch of the dungeon, and saw 3 of its levels.

You collected 69 gold pieces.

Inventory:

Hand Weapons
 a - a +0 falchion
 g - a +0 scimitar (weapon)
Armour
 b - a +0 leather armour (worn)
Magical Staves
 h - a staff of conjuration
Jewellery
 i - a ring of wizardry (left hand)
Wands
 d - a wand of polymorph (5)
 l - a wand of roots (9)
Scrolls
 c - 5 scrolls of identify {unknown}
 f - a scroll of silence {unknown}
 k - a scroll of enchant armour {unknown}
 m - a scroll of blinking {unknown}
 n - a scroll of torment {unknown}
 o - a scroll of poison {unknown}


   Skills:
 + Level 1.9 Fighting
 + Level 3.6 Long Blades
 + Level 1.3 Armour
 + Level 2.8 Dodging
 + Level 0.8 Stealth
 + Level 3.0 Spellcasting
 * Level 4.0 Conjurations


You had 6 spell levels left.
You knew the following spells:

 Your Spells              Type           Power      Damage    Failure   Level
a - Kiss of Death         Conj/Necr      52%        2d9       5%          1
b - Momentum Strike       Conj/Tloc      26%        3d8       8%          2

Your spell library contained the following spells:

 Spells                   Type           Power      Damage    Failure   Level
 Hailstorm                Conj/Ice       13%        3d5       16%         3
 Gell's Gravitas          Tloc           3%         N/A       32%         3
 Portal Projectile        Hex/Tloc       6%         N/A       32%         3
 Volatile Blastmotes      Fire/Tloc      6%         2d10      32%         3
 Disjunction              Tloc           1%         N/A       100%        8


Dungeon Overview and Level Annotations

Branches:
Dungeon (3/15)

Altars:
Ashenzari
Nemelex Xobeh
Qazlal
Uskayaw
Wu Jian
Yredelemnul

Annotations:
D:3 Grinder


Message History

Grinder blinks!
You are too injured to fight recklessly!
Unknown command.
You are too injured to fight recklessly!
It was a potion of degeneration.
There was something very wrong with that liquid.
You feel weakened.
You feel dopey.
You feel clumsy.
You are too injured to fight recklessly!
It was a potion of might.
You feel very mighty all of a sudden.
Grinder blinks!
Grinder gestures at you.
You suddenly lose the ability to move!
You can move again.
You barely miss Grinder.
Grinder is almost dead.
Grinder says, "Don't move a muscle."
Grinder blinks!
Grinder gestures at you.
You barely resist. You closely miss Grinder.
Grinder is severely wounded.
Grinder gestures at you.
You suddenly lose the ability to move!
Grinder gestures at you. You resist with significant effort. Grinder hits you.
You can move again.
You barely miss Grinder.
Grinder is severely wounded.
Grinder gestures at you. You resist with significant effort.
You hit Grinder but do no damage.
Grinder is severely wounded.
Grinder hits you!
* * * LOW HITPOINT WARNING * * *
You writhe in agony.
* * * LOW HITPOINT WARNING * * *
Grinder hits you!
You die...

#.#.##.#.#.###..#
#...##.........)# .
#.#.###....####.# #.
#.##.# #.<### ##.##
#.###.###.###..#####...##
#....###.†.##.......<....
#..........##.##.......##
#...#....5.# #..._...###
#....@### #._..._...#
#........# #............
#................⌠....##
#......>.####.........#
#.#.....## ##._..._.##
#.##...## ....._...# #
##.## #.###.....# ... ..
..#.#.#


You could see Grinder.

Vanquished Creatures
  3 gnolls (D:2)
  4 adders
  2 orcs (D:3)
  3 ball pythons
  4 endoplasms
  A giant cockroach (D:2)
  4 goblins
  4 hobgoblins
  3 kobolds (D:2)
  4 quokkas
  4 bats (D:2)
  2 frilled lizards (D:1)
  5 rats
43 creatures vanquished.

Notes
Turn   | Place    | Note
-------+----------+-------------------------------------------
     0 | D:1      | cdice the Deep Elf Reaver began the quest for the Orb.
     0 | D:1      | Reached XP level 1. HP: 12/12 MP: 6/6
   337 | D:1      | Reached XP level 2. HP: 17/17 MP: 8/8
   889 | D:2      | Learned a level 2 spell: Momentum Strike
  1103 | D:2      | Reached XP level 3. HP: 21/21 MP: 9/9
  1109 | D:2      | Reached skill level 1 in Armour
  1281 | D:2      | Reached XP level 4. HP: 25/26 MP: 10/10
  1311 | D:2      | Got Daeshep's Incunable of the Faeries and Dislocation
  1319 | D:2      | Reached skill level 4 in Conjurations
  1639 | D:3      | Found a broken altar of Ashenzari.
  1640 | D:3      | Found a sparkling altar of Nemelex Xobeh.
  1640 | D:3      | Found a stormy altar of Qazlal.
  1659 | D:3      | Found a hide-covered altar of Uskayaw.
  1659 | D:3      | Found an ornate altar of the Wu Jian Council.
  1660 | D:3      | Found a basalt altar of Yredelemnul.
  1668 | D:3      | Became a worshipper of Qazlal Stormbringer
  1697 | D:3      | Noticed Grinder
  1709 | D:3      | Paralysed by Grinder for 2 turns
  1714 | D:3      | Paralysed by Grinder for 2 turns
  1726 | D:3      | Paralysed by Grinder for 2 turns
  1733 | D:3      | Paralysed by Grinder for 3 turns
  1737 | D:3      | Slain by Grinder

Illustrated notes

Levels and vault maps discovered:
D:1:      co_arrival_square_in_a_square_in_a_square, layout_basic
D:2:      layout_basic, mrwooster_statue_mirror, minivault_25
D:3:      layout_loops_ring, grunt_temple_overflow_open, portal_sewer_entry_f,
          uniq_grinder

Skill      XL: |  1  2  3  4 |
---------------+-------------+-----
Long Blades    | 3 |  3.6
Armour         | 1 |  1.3
Conjurations   | 4 |  4.0
Fighting       | |  1.9
Dodging        | |  2.8
Stealth        | |  0.8
Spellcasting   | |  3.0

Action                     |  1- 3 |  4- 6 || total
---------------------------+-------+-------++-------
  Melee: Falchion          |    19 |       ||    19
         Scimitar          |    58 |    55 ||   113
         Punch             |     1 |       ||     1
   Cast: Momentum Strike   |     1 |     3 ||     4
    Use: Potion            |     1 |     5 ||     6
   Stab: Sleeping          |       |     1 ||     1
 Armour: Leather armour    |    21 |    13 ||    34
  Dodge: Dodged            |    62 |    38 ||   100

Table legend: (Time is in decaauts)
 A = Elapsed time spent in this place.
 B = Non-inter-level travel time spent in this place.
 C = Inter-level travel time spent in this place.
 D = Time resting spent in this place.
 E = Time spent auto-exploring this place.
 F = Levels seen in this place.
 G = Mean time per level.
                   A        B        C        D        E       F      G
               +--------+--------+--------+--------+--------+-----+--------+
         Total |   1765 |   1717 |     48 |      0 |   1209 |   3 |  588.3 |
       Dungeon |   1765 |   1717 |     48 |      0 |   1209 |   3 |  588.3 |
               +--------+--------+--------+--------+--------+-----+--------+

Top non-repeatable levels by time:
     D:1: 753 daAuts
     D:2: 726 daAuts
     D:3: 286 daAuts
